 Dungeon Crawl Stone Soup version 0.29-a0-275-g389c0b56f3 (webtiles) character file.

Game seed: 11932159771080523391

742 ParaBellum the Chopper (level 8, 0/62 HPs)
             Began as a Human Berserker on Mar 11, 2022.
             Was a Priest of Trog.
             Slain by Edmund
             ... wielding a +2 flail of protection
              (3 damage)
             ... on level 4 of the Dungeon.
             The game lasted 00:23:51 (4782 turns).

ParaBellum the Chopper (Human Berserker)            Turns: 4782, Time: 00:23:52

Health: 0/62       AC: 12    Str: 23    XL:     8   Next: 5%
Magic:  0/8        EV: 10    Int:  7    God:    Trog [***...]
Gold:   1051       SH:  0    Dex: 16    Spells: 7/7 levels left

rFire   . . .      SeeInvis .   a - +1 hand axe
rCold   . . .      Faith    .   (no shield)
rNeg    . . .      Spirit   +   i - +3 chain mail
rPois   .          Reflect  .   (no helmet)
rElec   .          Harm     .   (no cloak)
rCorr   .          Rampage  .   (no gloves)
Will    .....                   (no boots)
Stlth   ..........              k - amulet of guardian spirit
HPRegen 0.20/turn               f - +6 ring of strength
MPRegen 0.11/turn               (no ring)

@: on berserk cooldown
A: no striking features
a: Renounce Religion, Berserk, Trog's Hand


You were on level 4 of the Dungeon.
You worshipped Trog.
Trog was most pleased with you.
You visited 1 branch of the dungeon, and saw 4 of its levels.

You collected 1051 gold pieces.

Inventory:

Hand Weapons
 a - a +1 hand axe (weapon)
Missiles
 e - a throwing net (quivered)
Armour
 b - a +0 animal skin
 i - a +3 chain mail (worn)
Jewellery
 f - a +6 ring of strength (left hand)
 k - an amulet of guardian spirit (around neck)
Scrolls
 d - a scroll of fog
Potions
 c - a potion of degeneration
 g - a potion of mutation {unknown}
 h - a potion of heal wounds {unknown}


   Skills:
 + Level 5.0 Fighting
 + Level 5.1 Axes
 + Level 4.5 Armour
 + Level 4.5 Dodging


You had 7 spell levels left.
You didn't know any spells.
Your spell library was empty.

Dungeon Overview and Level Annotations

Branches:
Dungeon (4/15)
 Temple: D:4-7

Altars:
Sif Muna
Wu Jian
Yredelemnul

Annotations:
D:4 Edmund


Message History

Okay, then.
You hit Edmund.
Edmund is severely wounded.
Edmund barely misses you.
You hit Edmund but do no damage.
Edmund is severely wounded.
Edmund hits you with a +2 flail of protection.
* * * LOW HITPOINT WARNING * * *
Edmund closely misses you.
You hit Edmund.
Edmund is almost dead.
You feel yourself speed up. Edmund barely misses you.
You hit Edmund but do no damage.
Edmund is almost dead.
Edmund hits you with a +2 flail of protection.
* * * LOW HITPOINT WARNING * * *
You hit Edmund but do no damage.
Edmund is almost dead.
Edmund hits you but does no damage.
You barely miss Edmund.
Edmund is almost dead.
Edmund hits you with a +2 flail of protection.
* * * LOW HITPOINT WARNING * * *
You closely miss Edmund.
Edmund is almost dead.
Edmund hits you but does no damage.
You hit Edmund.
Edmund is almost dead.
Edmund hits you with a +2 flail of protection.
* * * LOW HITPOINT WARNING * * *
You hit Edmund but do no damage.
Edmund is almost dead.
Edmund says, "You wouldn't believe how much I paid for this flail."
Edmund hits you with a +2 flail of protection.
* * * LOW HITPOINT WARNING * * *
You hit Edmund but do no damage.
Edmund is almost dead.
Edmund hits you with a +2 flail of protection.
You die...

#.#..#...#.#......#
#.#..#.....#...#..#
#.#..#.....#...#..#
..#..##..<.#...####
.......###.#...#≈≈#
...............#).#
.......##......#..#
.......##..#....@.#
.......##..#..##@.#
...........#..)#..#
.......##..#..##.##
#########..#.##...
#..#...... #. #####
#.


You could see Edmund.

Vanquished Creatures
  Sigmund (D:4)
  A human (D:3)
  An ogre (D:4)
  A scorpion (D:3)
  14 gnolls (D:3)
  4 adders (D:2)
  4 dart slugs
  An orc (D:3)
  7 endoplasms
  A giant cockroach (D:2)
  31 goblins
  29 hobgoblins
  4 quokkas
  A ball python (D:3)
  11 bats
  3 frilled lizards
  A jackal zombie (D:3)
  5 kobolds
  4 rats
124 creatures vanquished.

Vanquished Creatures (collateral kills)
  A goblin (D:3)
1 creature vanquished.

Grand Total: 125 creatures vanquished

Notes
Turn   | Place    | Note
-------+----------+-------------------------------------------
     0 | D:1      | ParaBellum the Human Berserker began the quest for the Orb.
     0 | D:1      | Reached XP level 1. HP: 18/18 MP: 1/1
   193 | D:1      | Reached XP level 2. HP: 8/24 MP: 2/2
  1122 | D:1      | Reached XP level 3. HP: 29/29 MP: 3/3
  1464 | D:2      | Reached XP level 4. HP: 35/35 MP: 4/4
  1638 | D:2      | Found a faded altar of an unknown god.
  2131 | D:2      | Reached ** piety under Trog
  2291 | D:3      | Found a runed translucent door.
  2291 | D:3      | Noticed a human
  2305 | D:3      | Identified a scroll of acquirement
  2305 | D:3      | Acquired 349 gold pieces
  2306 | D:3      | Found a basalt altar of Yredelemnul.
  2325 | D:3      | Killed a human
  2326 | D:3      | Reached XP level 5. HP: 32/42 MP: 3/5
  2326 | D:3      | Reached XP level 6. HP: 37/48 MP: 3/6
  2843 | D:3      | Reached XP level 7. HP: 55/55 MP: 5/7
  3179 | D:3      | Reached *** piety under Trog
  3651 | D:3      | Found a shimmering blue altar of Sif Muna.
  3954 | D:3      | Found an ornate altar of the Wu Jian Council.
  4013 | D:3      | Identified the +8 dagger of Korof {flame, rPois rN++}
  4641 | D:4      | Acquired 389 gold pieces
  4738 | D:4      | Noticed Sigmund
  4740 | D:4      | Noticed Edmund
  4751 | D:4      | Killed Sigmund
  4752 | D:4      | Reached skill level 5 in Fighting
  4752 | D:4      | Reached skill level 5 in Axes
  4752 | D:4      | Reached XP level 8. HP: 62/62 MP: 6/8
  4781 | D:4      | HP: 3/62 [Edmund/+2 flail of protection (2)]
  4782 | D:4      | Slain by Edmund

Illustrated notes

Levels and vault maps discovered:
D:1:      dpeg_arrival_arbitrary_a, layout_basic, dk_noncrumbling_3,
          minmay_tripent
D:2:      layout_loops_ring, hellmonk_ecumenical_altar_blasted, fountainhead,
          st_stairs_12
D:3:      minmay_goblin_kobold_castle, layout_basic, dk_yredelemnul_ordeal,
          led_sif_pool, nicolae_wu_jian_immortal_techniques,
          minmay_pentomino_pile
D:4:      minmay_recursive_quarters, layout_basic, sigmund_edmund_badplayer

Skill      XL: |  1  2  3  4  5  6  7 |
---------------+----------------------+-----
Fighting       | 4 5 |  5.0
Axes           | 4 5 |  5.1
Armour         | 3 4 |  4.5
Dodging        | 3 4 |  4.5

Action                   |  1- 3 |  4- 6 |  7- 9 || total
-------------------------+-------+-------+-------++-------
Melee: Hand axe          |    63 |   100 |   115 ||   278
       Punch             |       |     1 |     3 ||     4
Throw: Throwing net      |       |     1 |       ||     1
Invok: Berserk           |     1 |     6 |     3 ||    10
       Trog's Hand       |       |     1 |       ||     1
  Use: Scroll            |     2 |     5 |     5 ||    12
       Potion            |     2 |       |     1 ||     3
 Stab: Sleeping          |     1 |       |       ||     1
Armor: Animal skin       |    14 |       |       ||    14
       Chain mail        |     1 |    63 |    59 ||   123
Dodge: Dodged            |    41 |    46 |    46 ||   133

Table legend: (Time is in decaauts)
 A = Elapsed time spent in this place.
 B = Non-inter-level travel time spent in this place.
 C = Inter-level travel time spent in this place.
 D = Time resting spent in this place.
 E = Time spent auto-exploring this place.
 F = Levels seen in this place.
 G = Mean time per level.
                   A        B        C        D        E       F      G
               +--------+--------+--------+--------+--------+-----+--------+
         Total |   4900 |   4181 |    719 |   1144 |   2346 |   4 | 1225.0 |
       Dungeon |   4900 |   4181 |    719 |   1144 |   2346 |   4 | 1225.0 |
               +--------+--------+--------+--------+--------+-----+--------+

Top non-repeatable levels by time:
     D:3: 2418 daAuts
     D:1: 1350 daAuts
     D:2: 953 daAuts
     D:4: 178 daAuts
